 Dungeon Crawl Stone Soup version 0.31-a0-819-gf6de2f5ab6 (webtiles) character file.

Game seed: 975423971420969259

5861 greenreed the Grappler (level 10, -14/102 HPs)
             Began as a Troll Shapeshifter on Sept 23, 2023.
             Was a Follower of Qazlal.
             Demolished by a very large slime creature (31 damage)
             ... on level 8 of the Dungeon.
             The game lasted 00:14:44 (5928 turns).

greenreed the Grappler (Troll Shapeshifter)         Turns: 5928, Time: 00:14:44

Health: -14/102    AC: 11    Str: 28    XL:     10   Next: 52%
Magic:  11/11      EV: 26    Int:  6    God:    Qazlal [*.....]
Gold:   550        SH:  2    Dex:  9    Spells: 9/9 levels left

rFire   . .          .
                       - Unarmed
rCold   . . .        (no shield)
rNeg    . . .        N - +0 steam dragon scales
rPois   .            (helmet currently unavailable)
rElec   .            (cloak currently unavailable)
rCorr   .            (gloves unavailable)
SInv    .            (boots unavailable)
Will    .....        o - amulet of the acrobat
Stlth   +            J - +4 ring of protection
HPRegen 1.17/turn    D - ring of flight
MPRegen 0.12/turn

%: acrobat
@: beast-form, acrobatic, flying, studying Ranged Weapons
A: beast (slay +3), large, unfitting armour, claws 3, regeneration 1, shaggy fur
1, tough skin 1
a: Begin Untransformation, Renounce Religion


You were on level 8 of the Dungeon.
You worshipped Qazlal.
Qazlal was aware of your devotion.
You were a hulking beast.
You visited 2 branches of the dungeon, and saw 9 of its levels.
You also visited: Sewer.

You collected 550 gold pieces.

Inventory:

Hand Weapons
 b - a +0 sling
 x - a +0 whip of flaming
 G - the +4 short sword of Calamity {freeze, Will+ rCorr Int+4}
   (You found it in a sewer)

   Int+4:     It affects your intelligence (+4).
   Will+:     It increases your willpower.
   rCorr:     It protects you from acid and corrosion.
 K - the +8 trident of the Octopus King {venom, rElec rPois}
   (You found it on level 7 of the Dungeon)

   rElec:     It insulates you from electricity.
   rPois:     It protects you from poison
Missiles
 e - 25 poisoned darts (quivered)
 y - a throwing net
 P - 2 datura-tipped darts
Armour
 C - a scarf of shadows
 N - +0 steam dragon scales (worn)
Jewellery
 i - a ring of fire
 j - a +5 ring of evasion
 o - an amulet of the acrobat (around neck)
 D - a ring of flight (right claw)
 I - a ring of wizardry
 J - a +4 ring of protection (left claw)
 L - a ring of willpower
Talismans
 c - a beast talisman (active)
 d - a flux talisman
 f - a maw talisman
 t - a serpent talisman
Wands
 q - a wand of flame (34)
 v - a wand of digging (8)
 w - a wand of charming (29)
 B - a wand of mindburst (12)
Scrolls
 a - a scroll of fear {unknown}
 k - 12 scrolls of identify {unknown}
 m - a scroll of blinking {unknown}
 r - a scroll of silence {unknown}
 s - 2 scrolls of immolation {unknown}
 A - a scroll of revelation {unknown}
 F - 2 scrolls of fog {unknown}
 H - 2 scrolls of enchant armour {unknown}
 O - a scroll of noise {unknown}
Potions
 g - 2 potions of might {unknown}
 h - 2 potions of heal wounds {unknown}
 l - 3 potions of brilliance {unknown}
 n - 4 potions of attraction {unknown}
 p - a potion of enlightenment {unknown}
 u - a potion of resistance {unknown}
 z - a potion of curing {unknown}
 E - 2 potions of mutation {unknown}
 M - a potion of berserk rage {unknown}


   Skills:
 * Level 7.5 Fighting
 + Level 5.5 Dodging
 * Level 9.5 Unarmed Combat
 + Level 2.9 Invocations
 + Level 6.5 Shapeshifting


You had 9 spell levels left.
You didn't know any spells.
Your spell library contained the following spells:

 Spells                   Type           Power      Damage    Failure   Level
 Apportation              Tloc           0%         N/A       45%         1
 Necrotise                Necr           0%         1d4       45%         1
 Shock                    Conj/Air       0%         1d3       45%         1
 Summon Small Mammal      Summ           0%         N/A       45%         1
 Blink                    Tloc           0%         N/A       58%         2
 Lesser Beckoning         Tloc           0%         N/A       58%         2
 Sublimation of Blood     Necr           0%         N/A       58%         2
 Wereblood                Tmut           0%         N/A       58%         2
 Gell's Gravitas          Tloc           0%         N/A       83%         3
 Swiftness                Air            0%         N/A       83%         3
 Teleport Other           Tloc           0%         N/A       83%         3
 Airstrike                Air            0%         2d(0-16)  99%         4
 Manifold Assault         Tloc           0%         N/A       99%         4
 Petrify                  Tmut/Erth      0%         N/A       99%         4
 Alistair's Intoxication  Tmut/Pois      0%         N/A       100%        5
 Borgnjor's Vile Clutch   Necr/Erth      0%         N/A       100%        5
 Irradiate                Conj/Tmut      0%         3d11      100%        5
 Eringya's Noxious Bog    Tmut/Pois      0%         4d6       100%        6


Dungeon Overview and Level Annotations

Branches:
Dungeon (8/15)             Temple (1/1) D:7            Lair (0/5) D:8
  Sewer (visited)

Altars:
Ashenzari
Cheibriados
Dithmenos
Elyvilon
Fedhas
Gozag
Hepliaklqana
Makhleb
Nemelex Xobeh
Okawaru
Qazlal
Ru
Sif Muna
Trog
Uskayaw
Wu Jian
Xom
Yredelemnul
Zin
The Shining One

Shops:
D:6 =

Annotations:
D:7 1 runed translucent door, cforsyth's ghost, novice DjDe


Innate Abilities, Weirdness & Mutations

You are a hulking beast.
Your limbs bulge with bestial killing power. (Slay +3)
You are too large for most types of armour.
You have claws for hands.
Your natural rate of healing is unusually fast.
You are covered in fur. (AC +1)
You have tough skin. (AC +1)


Message History

HP restored.
A slime creature is nearby!
The slime creature completely misses you.
You mangle the slime creature!!
The slime creature is heavily wounded.
The slime creature hits you!
The slime creature quivers.
You claw the slime creature!
The slime creature is heavily wounded.
The slime creature hits you!
Two slime creatures merge to form a large slime creature.
You claw the large slime creature!
The large slime creature is moderately wounded.
You completely miss the large slime creature.
The large slime creature is moderately wounded.
You claw the large slime creature!
The large slime creature is heavily wounded.
The large slime creature barely misses you.
You scratch the large slime creature.
The large slime creature is heavily wounded.
You mangle the slime creature!!
The slime creature is moderately wounded.
You claw the slime creature!
The slime creature is severely wounded.
The slime creature closely misses you.
You claw the slime creature!
The slime creature is severely wounded.
Two slime creatures merge to form a large slime creature.
Two slime creatures merge to form a very large slime creature.
The very large slime creature attacks as it pursues you!
The very large slime creature hits you!!!
The very large slime creature attacks as it pursues you!
The very large slime creature hits you!!
* * * LOW HITPOINT WARNING * * *
Okay, then.
The very large slime creature attacks as it pursues you!
The very large slime creature completely misses you.
The very large slime creature attacks as it pursues you!
The very large slime creature hits you!!
You die...

#.#.#.#....)#####.##
#.#.#.#...##).)).).#
#######...#.#.####.####..#####
#.....#..##........# #......>
#.###.#..#####.########.######
#.##.........#.# #....#
#.##....###....#####.)..#
#.......# ###...))<.....#
#####...# #h######........
#...#####J#....#...#####
#J......#.#....#...#
#..####.#.#....+...#
#.....#.#.#....#...#
#.###J#...#....#...#
#...#J#####....#####
#####.h..h).J.#######
#.#.#####........


You could see a very large slime creature.

Vanquished Creatures
  A two-headed ogre (D:4)
  Pikel (D:5)
  A cyclops (D:7)
  A gargoyle (D:7)
  Grinder (D:4)
  2 slime creatures (D:8)
  A vampire (D:5)
  2 wraiths (D:7)
  A steam dragon (D:7)
  2 wargs
  3 orc warriors
  2 ice beasts
  2 ogres
  A centaur (D:7)
  2 phantoms
  A kobold brigand (D:8)
  2 scorpions
  5 bullfrogs
  6 killer bees (D:7)
  3 electric eels (D:7)
  3 hounds
  2 jellies
  A gnoll bouda (D:5)
  7 orc priests
  Ijyb (D:3)
  9 iguanas
  6 orc wizards
  8 gnolls (D:5)
  12 adders
  2 shadow imps
  A white imp (D:7)
  An ufetubus (D:5)
  4 worms
  5 dart slugs
  15 orcs
  11 ball pythons
  2 endoplasms
  5 giant cockroaches
  5 goblins
  6 hobgoblins
  8 quokkas
  7 bats
  15 frilled lizards
  7 kobolds
  5 rats
188 creatures vanquished.

Notes
Turn   | Place    | Note
-------+----------+-------------------------------------------
     0 | D:1      | greenreed the Troll Shapeshifter began the quest for the
                  | Orb.
     0 | D:1      | Reached XP level 1. HP: 18/18 MP: 0/0
    65 | D:1      | Reached skill level 1 in Fighting
    97 | D:1      | Reached XP level 2. HP: 26/27 MP: 1/1
   653 | D:2      | Reached XP level 3. HP: 30/33 MP: 2/2
  1089 | D:3      | Noticed Ijyb
  1099 | D:3      | Killed Ijyb
  1100 | D:3      | Reached XP level 4. HP: 42/42 MP: 3/3
  1252 | D:3      | Found a shadowy altar of Dithmenos.
  1314 | D:3      | Noticed a scorpion
  1322 | D:3      | Killed a scorpion
  1323 | D:3      | Reached skill level 4 in Unarmed Combat
  1323 | D:3      | Reached XP level 5. HP: 47/50 MP: 4/4
  1422 | D:3      | Found a faded altar of an unknown god.
  1768 | D:4      | Noticed Grinder
  1780 | D:4      | Killed Grinder
  1781 | D:4      | Reached XP level 6. HP: 52/61 MP: 5/5
  1871 | D:4      | Noticed a two-headed ogre
  2031 | D:4      | Reached skill level 5 in Unarmed Combat
  2073 | D:4      | Reached XP level 7. HP: 67/67 MP: 6/6
  2119 | D:4      | Found a blossoming altar of Fedhas.
  2341 | D:4      | Found a glowing silver altar of Zin.
  2401 | D:4      | Found an opulent altar of Gozag.
  2550 | D:4      | Killed a two-headed ogre
  2551 | D:4      | Reached skill level 6 in Unarmed Combat
  2551 | D:4      | Reached XP level 8. HP: 74/79 MP: 7/7
  2605 | D:5      | Entered Level 5 of the Dungeon
  2725 | D:5      | Found a basalt altar of Yredelemnul.
  2829 | D:5      | Noticed Pikel
  2834 | D:5      | Killed Pikel
  2835 | D:5      | Reached skill level 5 in Fighting
  2835 | D:5      | Reached skill level 7 in Unarmed Combat
  2835 | D:5      | Reached skill level 5 in Shapeshifting
  2922 | D:5      | Found a shimmering blue altar of Sif Muna.
  3017 | D:5      | Reached XP level 9. HP: 34/89 MP: 8/8
  3555 | D:6      | Found Ylyisoni's Jewellery Boutique.
  3751 | D:6      | Found a glowing drain.
  3760 | Sewer    | Entered a sewer
  3881 | Sewer    | Reached skill level 8 in Unarmed Combat
  3898 | Sewer    | Identified the +4 short sword of Calamity {freeze, Will+
                  | rCorr Int+4}
  4157 | D:6      | Found a stormy altar of Qazlal.
  4231 | D:6      | Became a worshipper of Qazlal Stormbringer
  4758 | D:7      | Found the +8 trident of the Octopus King {venom, rElec
                  | rPois}
  4776 | D:7      | Reached skill level 1 in Invocations
  4952 | D:7      | Found a staircase to the Ecumenical Temple.
  4966 | D:7      | Reached skill level 5 in Dodging
  4969 | Temple   | Entered the Ecumenical Temple
  5079 | D:7      | Found an ornate altar of the Wu Jian Council.
  5205 | D:7      | Noticed a gargoyle
  5215 | D:7      | Reached XP level 10. HP: 98/100 MP: 10/10
  5220 | D:7      | Killed a gargoyle
  5220 | D:7      | Reached * piety under Qazlal
  5243 | D:7      | Noticed a cyclops
  5254 | D:7      | Killed a cyclops
  5255 | D:7      | Reached skill level 9 in Unarmed Combat
  5511 | D:7      | Found a runed translucent door.
  5512 | D:7      | Found a shimmering altar of Xom.
  5512 | D:7      | Noticed cforsyth's ghost (novice DjDe)
  5514 | D:7      | Noticed a +2 hand axe of chaos
  5605 | D:8      | Found a staircase to the Lair.
  5928 | D:8      | Demolished by a very large slime creature

Illustrated notes

Levels and vault maps discovered:
D:1:      grunt_arrival_lava_bath, layout_rooms, minmay_hexomino_p4
D:2:      layout_rooms
D:3:      layout_basic, overflow_temple_1_default, serial_aquarium,
          aquarium_bridge_square [aquarium_subvault_window,
          aquarium_subvault_balcony, aquarium_subvault_bridge,
          aquarium_subvault_bridge], aquarium_bridge_square
          [aquarium_subvault_window, aquarium_subvault_bridge,
          aquarium_subvault_bridge, aquarium_subvault_bridge],
          aquarium_window_fake, aquarium_window_1, aquarium_window_fake,
          aquarium_view_2c, nicolae_ecumenical_lake_church, uniq_ijyb
D:4:      layout_basic, pdpol_temple_overflow_zin_treasury_gozag_greed,
          amcnicky_altar_gilded, uniq_grinder
D:5:      layout_loops_corners, mainiacjoe_overflow_boulevard,
          mainiacjoe_overflow_cross_hatched, minmay_manual_mess, uniq_pikel
D:6:      layout_loops_ring, grunt_qazlal_clouds, gup_sewer_entry_bubbles,
          serial_shops, shop
D:7:      nzn_winding_woodlands_three_and_one
          [nzn_winding_woodlands_5x15_parted,
          nzn_winding_woodlands_5x15_lazy_stream,
          nzn_winding_woodlands_5x15_jagged,
          nzn_winding_woodlands_center_triple_pond], layout_basic,
          kennysheep_little_box, minmay_temple_entry_trees, ebering_ghost_xom,
          kennysheep_flooded_box
D:8:      layout_basic, general_overflow_altar, erik_lair_orcish_takeover,
          kennysheep_generic_room_13
Temple:   hellmonk_temple_flake

Skill      XL: |  1  2  3  4  5  6  7  8  9 10 |
---------------+-------------------------------+-----
Fighting       | 1 2 3 4 5 6 7 |  7.5
Dodging        | 2 3 4 5 |  5.5
Unarmed Combat | 4 5 6 7 8 9 |  9.5
Shapeshifting  | 4 5 6 |  6.5
Invocations    | 1 2 |  2.9

Action                     |  1- 3 |  4- 6 |  7- 9 | 10-12 || total
---------------------------+-------+-------+-------+-------++-------
  Melee: Unarmed           |    82 |    58 |   262 |    94 ||   496
         Punch             |     2 |     1 |     5 |    10 ||    18
         Trident           |       |       |     1 |     5 ||     6
  Throw: Dart              |       |     5 |     4 |       ||     9
    Use: Potion            |       |       |     1 |       ||     1
   Stab: Distracted        |     1 |       |       |       ||     1
 Armour: Animal skin       |    49 |    11 |    95 |       ||   155
         Skin              |       |       |    15 |       ||    15
         Steam dragon scal |       |       |     2 |    64 ||    66
  Dodge: Dodged            |    62 |    31 |   161 |    42 ||   296
  Block: Other             |       |       |       |     2 ||     2

Table legend: (Time is in decaauts)
 A = Elapsed time spent in this place.
 B = Non-inter-level travel time spent in this place.
 C = Inter-level travel time spent in this place.
 D = Time resting spent in this place.
 E = Time spent auto-exploring this place.
 F = Levels seen in this place.
 G = Mean time per level.
                   A        B        C        D        E       F      G
               +--------+--------+--------+--------+--------+-----+--------+
         Total |   5878 |   5554 |    324 |    177 |   4121 |  10 |  587.8 |
       Dungeon |   5701 |   5377 |    324 |    177 |   4058 |   8 |  712.6 |
        Temple |      1 |      1 |      0 |      0 |      0 |   1 |    1.0 |
         Sewer |    174 |    174 |      0 |      0 |     63 |   1 |  174.0 |
               +--------+--------+--------+--------+--------+-----+--------+

Top non-repeatable levels by time:
     D:7: 1120 daAuts
     D:5: 989 daAuts
     D:4: 895 daAuts
     D:3: 888 daAuts
     D:6: 730 daAuts
     D:1: 489 daAuts
     D:2: 321 daAuts
     D:8: 266 daAuts
   Sewer: 174 daAuts
  Temple: 1 daAuts
